Map: Eastwatch LE

Players

aLive - Winner!

  • Race: Terran Terran
  • League: Grandmaster
  • Spawn Location: 7:00

pillOw (Nina)

  • Race: Protoss Protoss
  • League: Grandmaster
  • Spawn Location: 1:00

Event: Memes & Dreams Invitational

VOD

Have the link to the VOD?

Description

Time

  • Played on: April 13, 2018, 12:24 a.m.
  • Length: 19:08

All games in this series

Show
View Real Time Build Order
Export as new Build Order

aLive Terran - Winner!

Build Orders: Gas First Reaper Expand, Liberator Opening, Reaper Expand, MMM Bio 

Get SALT Encoding   

  12  0:00  SCV  
  13  0:12  SCV  
  14  0:17  Supply Depot  
  14  0:24  SCV  
  15  0:29  Refinery  
  15  0:39  SCV  
  16  0:44  Barracks  
  16  0:51  SCV  
  17  1:03  SCV  
  18  1:15  SCV  
  19  1:32  Orbital Command  
  19  1:33  Reaper  
  20  1:45  Command Center  
  20  1:56  Factory  
  20  2:00  SCV  
  21  2:06  Barracks Reactor  
  21  2:09  Refinery  
  21  2:12  SCV  
  22  2:19  Supply Depot  
  22  2:24  SCV  
  23  2:40  SCV  
  23  2:41  Starport  
  24  2:50  Hellion  
  24  2:51  Hellion  
  28  2:52  SCV  
  29  2:59  Orbital Command  
  29  3:04  SCV  
  30  3:14  Hellion x2  
  30  3:17  SCV  
  35  3:20  Medivac  
  35  3:26  SCV  
  38  3:29  SCV  
  38  3:32  Supply Depot  
  39  3:38  Hellion, Liberator  
  41  3:42  Hellion  
  41  3:46  SCV x2  
  41  3:47  Barracks Tech Lab  
  48  4:04  SCV x2  
  49  4:18  SCV x2  
  49  4:21  Marine  
  49  4:22  Stimpack  
  50  4:30  SCV x2  
  50  4:36  Barracks  
  50  4:37  Engineering Bay  
  50  4:39  Barracks, Bunker, Factory Tech Lab  
  50  4:47  Supply Depot, Marine  
  50  4:50  Supply Depot  
  50  4:51  SCV x2  
  53  5:06  Supply Depot, SCV, Terran Infantry Weapons Level 1  
  54  5:08  Siege Tank, SCV  
  54  5:17  Marine  
  54  5:18  SCV  
  54  5:20  SCV  
  52  5:28  Marine x2, Barracks  
  54  5:31  SCV  
  54  5:32  Supply Depot, Barracks Tech Lab  
  54  5:33  SCV  
  54  5:34  Barracks  
  56  5:36  Refinery  
  56  5:37  Refinery  
  56  5:38  Marauder  
  56  5:40  Siege Tank  
  56  5:42  Supply Depot  
  61  5:48  Marine  
  61  5:49  Marine  
  63  5:52  SCV x2  
  63  5:55  Combat Shields  
  67  5:57  Marauder  
  67  6:05  Supply Depot, SCV x2, Marauder  
  67  6:06  Supply Depot  
  71  6:12  Starport Reactor  
  71  6:22  Barracks Reactor  
  71  6:23  Supply Depot, Factory Reactor  
  71  6:25  Marauder, Concussive Shells  
  73  6:29  Marine  
  73  6:30  Marine  
  75  6:35  Command Center, Marauder x2  
  79  6:41  Supply Depot  
  79  6:42  Supply Depot  
  79  6:48  Marine  
  79  6:49  Marine, Marauder  
  81  6:58  Marine, Medivac x2  
  81  6:59  Marine  
  81  7:00  Marauder, Terran Infantry Armor Level 1  
  89  7:03  Marauder  
  89  7:07  Widow Mine x2  
  95  7:13  Marine x2  
  97  7:21  Marine x2  
  97  7:34  Marine x2  
  97  7:35  Medivac  
  97  7:36  Medivac, Widow Mine x2  
  106  7:44  Marine x2, Marauder  
  107  7:45  Marauder x2  
  107  7:49  Supply Depot  
  113  7:51  SCV x2  
  109  8:06  Marine  
  109  8:07  Marine x3  
  109  8:08  Marauder x2  
  109  8:09  Marauder  
  119  8:13  Medivac x2, Widow Mine x2  
  125  8:26  SCV x2  
  125  8:27  Engineering Bay, Orbital Command, Armory  
  112  8:44  Marine x4  
  112  8:45  Marauder x3  
  113  8:51  Liberator x2  
  113  8:56  Fusion Core, Starport  
  113  8:58  SCV x3  
  116  9:06  Marine x2  
  116  9:07  Marine x2  
  126  9:15  SCV x3, Refinery  
  126  9:16  Refinery  
  119  9:32  Marine x3  
  119  9:33  Marine, Marauder x2  
  119  9:34  Marauder  
  119  9:37  Liberator  
  113  9:51  Marine x3  
  113  9:52  Marine, Starport Tech Lab  
  106  9:55  Marauder x2  
  106  9:56  Marauder  
  114  10:03  SCV x3  
  114  10:04  Terran Infantry Weapons Level 2  
  117  10:10  Terran Infantry Armor Level 2  
  117  10:13  Advanced Ballistics  
  114  10:17  Liberator  
  114  10:19  Liberator  
  113  10:28  Barracks  
  113  10:29  Barracks  
  113  10:31  Barracks  
  113  10:32  Marine x4  
  113  10:33  Marauder x2  
  113  10:34  Marauder  
  126  10:49  Terran Ship Weapons Level 1  
  126  10:50  Marine x4  
  126  10:55  Marauder x3  
  136  10:57  Command Center  
  136  11:04  Liberator x3  
  136  11:10  Supply Depot x2  
  136  11:15  Marine x3  
  136  11:16  Marine  
  136  11:17  Barracks Tech Lab  
  136  11:18  Barracks Reactor  
  139  11:20  Barracks Tech Lab  
  139  11:24  Widow Mine x2  
  150  11:42  Marine x4  
  150  11:43  Marauder x5  
  164  11:49  Liberator x2  
  164  11:53  Supply Depot  
  164  11:55  Supply Depot  
  164  12:03  Refinery x2  
  127  12:35  Marine x4, Terran Infantry Armor Level 3, Terran Infantry Weapons Level 3  
  127  12:36  Marine x2  
  133  12:37  Marauder x4  
  133  12:42  Planetary Fortress  
  139  12:46  Missile Turret  
  139  12:57  Marine  
  139  12:58  Marine x5  
  145  13:17  Marine  
  145  13:18  Marine x5  
  145  13:19  Marauder x5  
  137  13:39  Starport x2, Liberator x4  
  137  13:43  Command Center  
  140  14:19  Marine x2  
  140  14:20  Marine x4  
  140  14:21  Liberator, Marauder x4  
  140  14:22  Liberator x3, Marauder  
  150  14:40  Terran Ship Weapons Level 2  
  150  14:44  Marine  
  150  14:45  Marine x5  
  165  14:46  Marauder x2  
  165  14:47  Marauder  
  165  14:49  Marauder  
  165  14:51  Marauder  
  158  15:10  Marine x8  
  150  15:31  Marine x6  
  150  15:33  Marauder x5  
  152  15:45  Liberator x3  
  152  15:48  Marine  
  150  15:54  Marine x6  
  150  15:55  Marauder x3  
  150  15:56  Marauder  
  141  16:30  Marine x3  
  141  16:31  Marine x3  
  141  16:32  Marauder x4  
  140  16:33  Marauder  
  142  16:40  Raven  
  142  16:41  Starport Tech Lab  
  144  16:48  Reaper  
  144  16:53  Marauder x2  
  149  17:01  Command Center  
  149  17:10  Sensor Tower  
  149  17:13  Raven  
  149  17:22  Orbital Command  
  149  17:23  Missile Turret  
  149  17:32  Marine x6  
  149  17:34  Marauder x5  
  164  17:37  Liberator x4  
  158  17:52  Marine  
  158  17:53  Marine x5  
  176  18:04  Raven x2  
  176  18:05  Marauder x3  
  188  18:06  Marauder  
  162  18:36  Marine  
  162  18:37  Marine x5  
  162  18:38  Marauder x4  
  162  18:39  Marauder  
Show
View Real Time Build Order
Export as new Build Order

pillOw Protoss 

Build Orders: 1 Gate Expand, Blink Stalkers 

Get SALT Encoding   

  12  0:00  Probe  
  13  0:13  Probe  
  14  0:17  Pylon  
  14  0:25  Probe (Chrono Boost)  
  15  0:37  Probe (Chrono Boost)  
  15  0:39  Gateway  
  16  0:45  Probe (Chrono Boost)  
  16  0:47  Assimilator  
  17  0:51  Probe  
  18  1:03  Probe  
  19  1:15  Probe  
  20  1:24  Nexus  
  20  1:34  Cybernetics Core  
  20  1:37  Probe  
  21  1:44  Assimilator  
  21  1:50  Probe  
  21  1:53  Pylon  
  22  2:02  Probe  
  23  2:10  Adept (Chrono Boost)  
  23  2:14  Probe, Warp Gate  
  25  2:24  Twilight Council  
  25  2:26  Probe  
  25  2:29  Stalker (Chrono Boost)  
  28  2:38  Probe x2  
  30  2:50  Probe  
  30  2:51  Probe  
  32  2:52  Stalker  
  34  3:02  Probe  
  34  3:05  Probe  
  36  3:06  Gateway  
  36  3:14  Blink (Chrono Boost)  
  36  3:20  Probe  
  36  3:21  Probe  
  38  3:30  Gateway  
  38  3:32  Probe  
  38  3:33  Probe  
  40  3:43  Robotics Facility  
  40  3:44  Probe  
  40  3:45  Probe  
  42  3:52  Assimilator  
  42  3:55  Pylon, Assimilator  
  42  3:58  Probe  
  42  3:59  Probe  
  33  4:18  Stalker x2  
  33  4:20  Probe x2  
  34  4:32  Probe (Chrono Boost)  
  34  4:33  Probe (Chrono Boost)  
  34  4:37  Observer (Chrono Boost)  
  37  4:43  Probe x2 (Chrono Boost)  
  39  4:47  Probe (Chrono Boost)  
  39  4:48  Probe (Chrono Boost)  
  41  4:57  Stalker  
  41  4:59  Probe x2  
  45  5:01  Stalker  
  47  5:11  Probe (Chrono Boost)  
  47  5:13  Probe (Chrono Boost)  
  45  5:22  Observer  
  45  5:23  Probe (Chrono Boost)  
  48  5:28  Probe (Chrono Boost)  
  48  5:30  Probe (Chrono Boost)  
  48  5:35  Probe  
  50  5:37  Probe  
  50  5:38  Pylon  
  51  5:43  Robotics Bay  
  51  5:49  Probe (Chrono Boost), Observer  
  54  5:50  Probe (Chrono Boost)  
  54  5:59  Pylon  
  54  6:01  Probe (Chrono Boost)  
  54  6:02  Robotics Facility  
  56  6:04  Probe (Chrono Boost)  
  56  6:06  Probe (Chrono Boost)  
  56  6:11  Probe, Observer  
  58  6:15  Probe  
  60  6:18  Forge  
  60  6:24  Probe  
  61  6:26  Stalker  
  61  6:28  Probe  
  61  6:30  Gateway  
  64  6:36  Probe  
  65  6:40  Probe  
  65  6:45  Disruptor  
  65  6:47  Stalker  
  70  6:51  Pylon  
  70  6:54  Protoss Ground Weapons Level 1  
  70  7:03  Pylon  
  70  7:07  Pylon x2  
  70  7:09  Probe x2  
  70  7:12  Disruptor (Chrono Boost)  
  75  7:21  Disruptor (Chrono Boost)  
  76  7:28  Stalker x3  
  83  7:30  Probe  
  83  7:43  Nexus  
  81  7:49  Disruptor (Chrono Boost)  
  81  7:50  Disruptor (Chrono Boost)  
  87  8:07  Stalker x2  
  87  8:09  Probe  
  93  8:12  Probe  
  91  8:20  Stalker x2, Disruptor  
  98  8:29  Pylon  
  98  8:30  Charge  
  98  8:31  Gateway  
  98  8:34  Gateway  
  98  8:41  Disruptor  
  99  8:48  Stalker x2  
  102  9:00  Nexus  
  102  9:10  Stalker x2  
  103  9:30  Disruptor x2  
  107  9:31  Probe x2  
  99  9:43  Probe x2  
  99  9:45  Protoss Ground Armor Level 1 (Chrono Boost)  
  89  9:58  Pylon x2  
  89  10:02  Pylon  
  89  10:03  Pylon  
  89  10:04  Pylon  
  89  10:06  Probe x2  
  91  10:09  Observer  
  91  10:13  Probe  
  93  10:17  Observer  
  93  10:18  Probe  
  95  10:21  Probe (Chrono Boost)  
  96  10:28  Stalker  
  96  10:29  Stalker x3  
  96  10:31  Probe (Chrono Boost)  
  106  10:35  Probe (Chrono Boost)  
  106  10:38  Probe (Chrono Boost)  
  106  10:39  Probe (Chrono Boost)  
  106  10:42  Probe (Chrono Boost)  
  106  10:45  Probe (Chrono Boost)  
  106  10:46  Probe x2 (Chrono Boost)  
  109  10:53  Disruptor  
  112  10:58  Pylon  
  112  10:59  Stalker x3  
  117  11:05  Probe x2  
  117  11:07  Probe x2  
  121  11:15  Disruptor  
  121  11:17  Probe  
  125  11:24  Stalker x3  
  131  11:31  Observer  
  131  11:35  Probe (Chrono Boost)  
  131  11:36  Probe (Chrono Boost), Assimilator  
  131  11:38  Assimilator  
  133  11:41  Pylon, Probe (Chrono Boost)  
  133  11:43  Protoss Ground Weapons Level 2 (Chrono Boost)  
  133  11:45  Pylon x2  
  136  11:47  Probe (Chrono Boost)  
  136  11:48  Pylon  
  136  11:52  Probe x2 (Chrono Boost)  
  136  11:54  Probe (Chrono Boost), Disruptor  
  139  12:03  Stalker x3  
  144  12:12  Observer  
  125  12:30  Disruptor (Chrono Boost)  
  117  12:40  Stalker x6  
  117  12:43  Probe x2  
  131  12:46  Probe, Robotics Facility  
  132  12:53  Assimilator  
  132  12:54  Assimilator  
  135  12:58  Probe  
  135  12:59  Robotics Facility  
  135  13:03  Disruptor (Chrono Boost)  
  135  13:05  Stalker x3  
  142  13:06  Zealot  
  142  13:07  Zealot x2  
  142  13:10  Probe  
  118  13:22  Disruptor  
  118  13:26  Observer  
  115  13:34  Disruptor  
  115  13:38  Stalker x2  
  115  13:41  Stalker  
  122  13:44  Nexus  
  122  13:48  Pylon  
  122  13:54  Stalker  
  122  13:55  Stalker x2  
  127  14:03  Stalker  
  127  14:04  Stalker x2  
  127  14:09  Disruptor  
  125  14:19  Disruptor  
  125  14:23  Stalker x2, Observer  
  120  14:31  Stalker x2  
  124  14:40  Probe  
  124  14:44  Disruptor  
  126  14:47  Probe x2  
  128  14:54  Stalker x2  
  122  15:13  Stalker x4  
  119  15:33  Disruptor  
  124  15:40  Stalker x4  
  124  15:41  Assimilator  
  124  15:42  Assimilator  
  122  15:49  Probe  
  122  15:56  Probe  
  117  15:57  Probe  
  113  16:05  Cybernetics Core  
  113  16:07  Pylon  
  113  16:08  Pylon  
  113  16:09  Pylon  
  113  16:11  Disruptor  
  93  16:27  Observer  
  93  16:30  Disruptor  
  84  16:38  Disruptor  
  87  16:42  Probe  
  87  16:43  Probe  
  89  16:55  Probe x2  
  89  16:58  Probe  
  90  17:01  Stalker x5  
  90  17:02  Stalker  
  90  17:04  Observer  
  90  17:07  Probe  
  103  17:10  Observer  
  103  17:17  Nexus  
  103  17:19  Disruptor  
  105  17:33  Stalker x3  
  111  17:40  Stalker x2  
  115  17:48  Pylon  
  110  17:59  Stalker x3  
  116  18:09  Probe x2  
  118  18:18  Stalker x2  
  105  18:38  Zealot x4  
  107  18:47  Stalker x2  
  99  18:52  Probe  
  99  18:53  Probe  
Tags
 
Add a new tag
Caveats
  • Supply blocks, unpowered buildings, or Contaminate may cause inaccurate times.
  • Supply counts are checked every 10 seconds.